Map: Oxyde EC

Players

BabyMarine

  • Race: Terran Terran
  • League: Grandmaster

llllllllllll - Winner!

  • Race: Protoss Protoss
  • League: Grandmaster

VOD

https://youtu.be/rfG1wzaZaSI

Description

Time

  • Played on: July 30, 2021, 4:44 p.m.
  • Length: 4:51
Show
View Real Time Build Order
Export as new Build Order

BabyMarine Terran 

Build Orders:  

Get SALT Encoding   

  12  0:00  SCV  
  13  0:13  SCV  
  14  0:17  Supply Depot  
  14  0:27  SCV  
  15  0:39  SCV  
  15  0:40  Barracks  
  16  0:43  Refinery  
  16  0:51  SCV  
  17  1:03  SCV  
  18  1:15  SCV  
  19  1:27  Marine  
  19  1:28  Orbital Command  
  21  1:47  Barracks Reactor  
  20  1:59  SCV  
  21  2:11  Factory  
  21  2:13  Bunker  
  21  2:20  SCV  
  21  2:22  Supply Depot  
  22  2:24  Marine  
  23  2:42  SCV  
  23  2:49  Marine x2  
  25  2:54  SCV  
  25  2:55  Factory Tech Lab  
  25  3:06  SCV  
  25  3:07  Marine x2  
  28  3:14  Cyclone  
  28  3:16  Engineering Bay  
  28  3:19  SCV  
  31  3:24  Marine  
  31  3:44  Supply Depot  
  31  3:49  Supply Depot  
  31  4:02  Supply Depot  
  31  4:23  Barracks Reactor, SCV  
  34  4:35  SCV  
Show
View Real Time Build Order
Export as new Build Order

llllllllllll Protoss - Winner!

Build Orders:  

Get SALT Encoding   

  12  0:01  Probe  
  13  0:13  Probe  
  14  0:18  Pylon  
  14  0:25  Probe (Chrono Boost)  
  15  0:31  Pylon  
  15  0:37  Probe (Chrono Boost)  
  16  0:46  Probe (Chrono Boost)  
  17  0:50  Gateway  
  17  0:53  Probe  
  18  0:59  Assimilator  
  18  1:06  Probe  
  18  1:07  Assimilator  
  19  1:18  Probe  
  20  1:30  Probe  
  21  1:34  Assimilator  
  21  1:35  Zealot (Chrono Boost)  
  21  1:38  Cybernetics Core  
  23  1:41  Pylon  
  23  1:44  Probe  
  24  1:54  Zealot  
  26  2:21  Stalker  
  26  2:22  Robotics Facility  
  28  2:28  Robotics Facility  
  26  2:50  Stalker  
  28  2:53  Pylon  
  28  3:14  Immortal (Chrono Boost)  
  28  3:15  Warp Prism (Chrono Boost)  
  28  3:16  Shield Battery  
  34  3:25  Shield Battery  
  34  3:26  Shield Battery  
  34  3:44  Immortal  
  38  3:54  Pylon  
  40  4:36  Pylon  
Tags
 
Add a new tag
Caveats
  • Supply blocks, unpowered buildings, or Contaminate may cause inaccurate times.
  • Supply counts are checked every 10 seconds.